 Dungeon Crawl Stone Soup version 0.27.1-34-g3ba077fa99 (webtiles) character file.

Game seed: 6211404819230233337

655 styxcanada the Covert (level 7, -1/35 HPs)
             Began as a Spriggan Brigand on Jan 1, 2022.
             Slain by a centaur (3 damage)
             ... on level 5 of the Dungeon on Jan 2, 2022.
             The game lasted 00:24:11 (4854 turns).

styxcanada the Covert (Spriggan Brigand)            Turns: 4854, Time: 00:24:12

Health: -1/35      AC:  3    Str:  7    XL:     7   Next: 29%
Magic:  8/8        EV: 18    Int: 13    God:
Gold:   168        SH:  0    Dex: 18    Spells: 6/6 levels left

rFire    . . .     SeeInvis +   m - +1 short sword (drain)
rCold    + . .     Faith    .   (shield restricted)
rNeg     . . .     Spirit   .   b - +0 robe
rPois    .         Reflect  .   (helmet restricted)
rElec    .         Harm     .   c - +0 cloak
rCorr    .         Rampage  .   (gloves unavailable)
Will     +....                  (boots unavailable)
Stlth    +++++.....             (no amulet)
HPRegen  0.11/turn              q - ring of protection from cold
MPRegen  0.11/turn              (no ring)

@: attractive, very quick
A: very small, no large weapons, unfitting armour, see invisible, speed 3
a: no special abilities


You were on level 5 of the Dungeon.
You visited 1 branch of the dungeon, and saw 5 of its levels.

You collected 168 gold pieces.

Inventory:

Hand Weapons
 a - a +2 dagger
 k - a +0 mace of holy wrath
 l - a +0 hunting sling
 m - a +1 short sword of draining (weapon)
Missiles
 e - a curare-tipped dart
 f - 29 stones
 h - 25 sling bullets
 j - 12 poisoned darts (quivered)
 r - a throwing net
 v - 8 boomerangs
Armour
 b - a +0 robe (worn)
 c - a +0 cloak (worn)
Jewellery
 q - a ring of protection from cold (left hand)
Wands
 g - a wand of flame (2)
 o - a wand of iceblast (9)
Scrolls
 n - a scroll of teleportation
 p - a scroll of identify
Potions
 d - 3 potions of lignification
 i - a potion of brilliance
 s - a potion of flight
 t - a potion of invisibility


   Skills:
 - Level 2.2 Fighting
 - Level 2.8 Short Blades
 - Level 2.5 Throwing
 - Level 2.8 Dodging
 * Level 11.6 Stealth
 * Level 2.8 Evocations


You had 6 spell levels left.
You didn't know any spells.
Your spell library contained the following spells:

 Spells                   Type           Power      Damage    Failure   Level
 Static Discharge         Conj/Air       0%         N/A       43%         2
 Dispel Undead            Necr           0%         3d6       97%         4
 Sticky Flame             Conj/Fire      0%         2d3       97%         4


Dungeon Overview and Level Annotations

Branches:
Dungeon (5/15)
 Temple: D:4-7

Altars:
Dithmenos
Xom
Zin

Shops:
D:2 [   D:4 :   D:5 !

Annotations:
D:5 Dowan, Duvessa


Innate Abilities, Weirdness & Mutations

You are very small and have problems with some larger weapons.
You are too small for most types of armour.
You have supernaturally acute eyesight. (SInv)
You cover ground extremely quickly. (Speed+++)


Message History

Dowan casts a spell.
Dowan blinks!
Found Peiddae's Distillery.
There is an entrance to Peiddae's Distillery here.
The scorpion seems less drained.
Aiming: Throw Flame
Press: ? - help, Shift-Dir - straight line, f/p - scorpion
Aim: a scorpion (heavily wounded, 71% to hit)
The puff of flame misses the scorpion.
Aiming: Throw Flame
Press: ? - help, Shift-Dir - straight line, f/p - scorpion
Aim: a scorpion (heavily wounded, 71% to hit)
The puff of flame hits the scorpion.
The scorpion is severely wounded.
Throw: 13 darts (poison)
Press: ? - help, Q - select action, (/) - cycle Shift-Dir - straight line, f/p - scorpion
Aim: a scorpion (severely wounded, 63% to hit)
You throw a poisoned dart. The poisoned dart hits the scorpion.
The scorpion is poisoned.
The scorpion is severely wounded.
A centaur comes into view.
You kill the scorpion!
Found 14 gold pieces.
The centaur shouts!
You hit the centaur.
The centaur is lightly wounded.
The centaur hits you.
* * * LOW HITPOINT WARNING * * *
The centaur closely misses you. The centaur misses you.
The centaur closely misses you.
You hit the centaur. You drain the centaur.
The centaur is moderately wounded.
The centaur hits you.
* * * LOW HITPOINT WARNING * * *
The centaur kicks you but does no damage.
Unknown command.
It was a potion of attraction.
You feel attractive to monsters.
The centaur completely misses you. x2; The centaur hits you.
You die...

... .. ... ... ..
#.#.# .. ..... #.
#.#.# ### #. #.#.#
....$#.##.#.#
#...c@....#
#..####..## ..#
#..####..####..##
................
#..####..####..####
#..####............
................
#.####..###..##
##.#..........######


You could see a centaur (drained).

Vanquished Creatures
  Sigmund (D:2)
  3 scorpions
  A jelly (D:4)
  Natasha (D:4)
  Terence (D:2)
  2 hound skeletons (D:4)
  4 gnolls (D:4)
  7 adders
  A howler monkey skeleton (D:4)
  2 dart slugs
  9 orcs
  5 endoplasms
  3 giant cockroaches
  A goblin (D:3)
  3 hobgoblins
  3 jackals (D:2)
  10 kobolds
  4 quokkas
  10 ball pythons
  12 bats
  4 frilled lizards
  2 rats
89 creatures vanquished.

Vanquished Creatures (others)
  3 plants (D:4)
3 creatures vanquished.

Grand Total: 92 creatures vanquished

Notes
Turn   | Place    | Note
-------+----------+-------------------------------------------
     0 | D:1      | styxcanada the Spriggan Brigand began the quest for the
                  | Orb.
     0 | D:1      | Reached XP level 1. HP: 10/10 MP: 2/2
   100 | D:1      | Reached skill level 6 in Stealth
   352 | D:1      | Reached XP level 2. HP: 10/15 MP: 3/3
   982 | D:2      | Found a faded altar of an unknown god.
   982 | D:2      | Noticed Sigmund
  1045 | D:2      | Killed Sigmund
  1046 | D:2      | Reached skill level 8 in Stealth
  1046 | D:2      | Reached XP level 3. HP: 2/18 MP: 4/4
  1046 | D:2      | Reached XP level 4. HP: 3/23 MP: 5/5
  1046 | D:2      | Reached XP level 5. HP: 3/26 MP: 6/6
  1419 | D:2      | Found Bifa Ram's Armour Emporium.
  1802 | D:2      | Noticed Terence
  1808 | D:2      | Killed Terence
  1809 | D:2      | Reached skill level 9 in Stealth
  1809 | D:2      | Reached skill level 1 in Evocations
  2193 | D:3      | Found a shimmering altar of Xom.
  2500 | D:3      | Reached XP level 6. HP: 30/30 MP: 7/7
  2753 | D:3      | Found a shadowy altar of Dithmenos.
  4107 | D:4      | Reached skill level 10 in Stealth
  4279 | D:4      | Identified the +0 leather armour of Impatience {Str+3
                  | Stlth+}
  4336 | D:4      | Found Topniutt's Book Emporium.
  4399 | D:4      | Noticed Natasha
  4414 | D:4      | Killed Natasha
  4415 | D:4      | Reached skill level 11 in Stealth
  4415 | D:4      | Reached XP level 7. HP: 12/35 MP: 8/8
  4672 | D:4      | Found a glowing silver altar of Zin.
  4672 | D:4      | Noticed an angel
  4734 | D:5      | Entered Level 5 of the Dungeon
  4768 | D:5      | Noticed Dowan
  4787 | D:5      | Noticed Duvessa
  4820 | D:5      | Found Peiddae's Distillery.
  4854 | D:5      | Slain by a centaur

Illustrated notes

Levels and vault maps discovered:
D:1:      lightli_arrival_windingriver, layout_loops_ring
D:2:      layout_basic, chequers_ecumenical_altar_simple, serial_shops,
          nicolae_shop_waterfront, uniq_sigmund, uniq_terence
D:3:      minmay_evil_eye, layout_loops_ring, grunt_dithmenos_smoke_and_mirrors,
          xom_teletrap_fun
D:4:      layout_gridville, zin_angel, serial_shops, shop,
          guppyfry_early_lair_pool, uniq_natasha
D:5:      layout_basic, serial_shops, kennysheep_mini,
          nicolae_shop_temple_entry_statues_fountains, shop_fountains, shop,
          shop, uniq_duvessa

Skill      XL: |  1  2  3  4  5  6 |
---------------+-------------------+-----
Stealth        | 6 8 9 11 | 11.6
Fighting       | 2 |  2.2
Dodging        | 2 |  2.8
Evocations     | 1 2 |  2.8
Short Blades   | |  2.8
Throwing       | |  2.5

Action                   |  1- 3 |  4- 6 |  7- 9 || total
-------------------------+-------+-------+-------++-------
Melee: Dagger            |    46 |   128 |       ||   174
       Short sword       |       |    42 |    21 ||    63
 Fire: Hunting sling     |       |    10 |       ||    10
Throw: Dart              |    17 |    32 |     1 ||    50
       Stone             |       |     4 |       ||     4
Evoke: Wand              |       |    12 |     4 ||    16
  Use: Scroll            |       |     5 |     2 ||     7
       Potion            |       |     2 |     1 ||     3
 Stab: Sleeping          |     6 |    20 |     2 ||    28
       Distracted        |       |     1 |       ||     1
Armor: Robe              |     8 |    28 |     5 ||    41
Dodge: Dodged            |    28 |   163 |    26 ||   217
